 Dungeon Crawl Stone Soup version 0.19.4-9-g45fd643 (webtiles) character file.

35 equalderp2856 the Scratcher (level 3, 0/17 HPs)
             Began as a Felid Fighter on Feb 15, 2017.
             Slain by a killer bee (5 damage)
             ... on level 2 of the Dungeon.
             The game lasted 00:05:28 (2071 turns).

equalderp2856 the Scratcher (Felid Fighter)         Turns: 2071, Time: 00:05:29

Health: 0/17       AC:  1    Str: 13    XL:     3   Next: 16%
Magic:  4/4        EV: 19    Int:  9    God:
Gold:   98         SH:  0    Dex: 15    Spells: 0 memorised, 2 levels left
                                        Lives:  0   Deaths: 1

rFire  . . .     SeeInvis +       - Unarmed
rCold  . . .     Gourm    .     (armour unavailable)
rNeg   . . .     Faith    .     (shield unavailable)
rPois  .         Spirit   .     (helmet unavailable)
rElec  .         Reflect  .     (cloak unavailable)
rCorr  .         Harm     .     (gloves unavailable)
MR     .....                    (boots unavailable)
Stlth  ++........               (no amulet)
                                (no ring)
                                (no ring)

@: quick
A: no armour, no weapons or thrown items, stealth, claws 1, fangs 3, see
invisible, carnivore 3, speed 1, shaggy fur 1, slow metabolism 1, sharp paws
a: no special abilities


You were on level 2 of the Dungeon.
You were not hungry.

You visited 1 branch of the dungeon, and saw 3 of its levels.

You collected 98 gold pieces.

Inventory:

Missiles
 o - 11 poisoned needles
 q - 45 arrows
 r - 40 bolts
Scrolls
 d - a scroll of recharging {unknown}
 h - 2 scrolls of amnesia {unknown}
 l - 4 scrolls of teleportation {unknown}
 n - a scroll of random uselessness {unknown}
 p - 2 scrolls of identify {unknown}
Potions
 a - a potion of might
 e - 2 potions of curing
 g - 2 potions of flight
 i - a potion of ambrosia
 j - a potion of degeneration
Comestibles
 b - 2 meat rations
 c - a beef jerky
 f - a fruit


   Skills:
 + Level 3.5 Fighting
 + Level 4.2 Dodging
 + Level 5.2 Unarmed Combat


You had 2 spell levels left.
You didn't know any spells.

Dungeon Overview and Level Annotations

Branches:
Dungeon (3/15)

Altars:


Innate Abilities, Weirdness & Mutations

You cannot wear armour.
You are incapable of wielding weapons or throwing items.
Your paws allow you to move quietly. (Stealth)
You have sharp claws.
You have razor-sharp teeth.
You have supernaturally acute eyesight. (SInv)
You are carnivorous and can eat meat at any time.
You cover ground quickly.
You are covered in fur. (AC +1)
You have a slow metabolism.
Your sharp claws are effective at attacking unaware monsters.


Message History

You die...
The killer bee stings you.
You are more poisoned.
The killer bee poisons you!
You are now level 3!
You rejoin the land of the living...
Found 9 gold pieces.
You now have 98 gold pieces (gained 9).
The killer bee stings you! The killer bee closely misses you.
The killer bee stings you.
* * * LOW HITPOINT WARNING * * *
The killer bee closely misses you. The killer bee completely misses you.
There is a stone staircase leading up here.
The killer bee completely misses you. The killer bee closely misses you.
The killer bee barely misses you.
You climb upwards.
There is a stone staircase leading down here.
The killer bee stings you.
You die...

###.#.##.##.#....................
#..###.###.................##..
#### #.###......#####....####..
###.#.........###..#..# #.#
##.....................## #.#
##..##...........####....# #.#
#..###..........## ##.#.# #..
####.###............# #.#.#####
#......#........@y..# #....## #
#........###.######.########..###
#.......###..####................
#......####.###...#.#.####.......
###...###...#...#..###..##.....<.
#........###.#..#..#..#.#.......
########## #...###...###........
#.#..#..#..#..#.<....
####...###...###.....


You could see a killer bee.

Vanquished Creatures
  4 adders
  3 dart slugs
  2 ball pythons
  A giant cockroach (D:1)
  4 goblins
  4 hobgoblins (D:1)
  4 jackals (D:1)
  3 bats
  A frilled lizard (D:2)
  4 kobolds
  9 rats
39 creatures vanquished.

Notes
Turn   | Place    | Note
-------+----------+-------------------------------------------
     0 | D:1      | equalderp2856 the Felid Fighter began the quest for the Orb.
     0 | D:1      | Reached XP level 1. HP: 10/10 MP: 2/2
   301 | D:1      | Reached XP level 2. HP: 14/14 MP: 3/3
   361 | D:1      | You fall through a shaft!
   447 | D:2      | Reached XP level 3. HP: 14/17 MP: 4/4
  1273 | D:1      | Reached skill level 5 in Unarmed Combat
  1741 | D:1      | Reached XP level 4. HP: 21/21 MP: 5/5
  2046 | D:3      | HP: 1/21 [poisoned by a killer bee]
  2046 | D:3      | Mangled by a killer bee
  2047 | D:3      | Reached XP level 3. HP: -7/17 MP: 4/4
  2071 | D:2      | Slain by a killer bee

Skill      XL: |  1  2  3 |
---------------+----------+-----
Unarmed Combat | 5 |  5.2
Fighting       | |  3.5
Dodging        | |  4.2

Action                   |  1- 3 |  4- 6 || total
-------------------------+-------+-------++-------
Melee: Unarmed           |    76 |    13 ||    89
       Bite              |     2 |     3 ||     5
  Use: Potion            |       |     5 ||     5
 Stab: Sleeping          |     4 |       ||     4
       Distracted        |     1 |       ||     1
  Eat: Chunk             |     8 |       ||     8
Armor: Skin              |     4 |     1 ||     5
Dodge: Dodged            |    52 |    30 ||    82
